[ AOE2 MATCH · #477578509 ]
UnrankedSaracens vs Romans
[ REPLAY ANALYSIS · EXTRACTED FROM THE RECORDED GAME ]
Feudal
9:45
Castle
22:46
Imperial
—
| APM avg | 56.8 |
| APM peak | 110 |
| eAPM avg | 22.0 |
| Villagers / military | 90 / 62 |
Focus
⚔️ 27.5% · 🌾 72.5%
Archer ×60 · Spearman ×2
Feudal
9:00
Castle
20:47
Imperial
—
| APM avg | 40.1 |
| APM peak | 89 |
| eAPM avg | 19.8 |
| Villagers / military | 108 / 63 |
Focus
⚔️ 34.4% · 🌾 65.6%
Archer ×38 · Battering Ram ×9 · Monk ×7 · Scorpion ×5 · Mangonel ×2 · Spearman ×2
Feudal
9:50
Castle
23:14
Imperial
—
| APM avg | 53.6 |
| APM peak | 96 |
| eAPM avg | 16.4 |
| Villagers / military | 87 / 87 |
Focus
⚔️ 26.1% · 🌾 73.9%
Scout Cavalry ×60 · Knight ×20 · Steppe Lancer ×5 · Camel Scout ×2
Feudal
9:17
Castle
23:08
Imperial
—
| APM avg | 44.1 |
| APM peak | 82 |
| eAPM avg | 18.8 |
| Villagers / military | 87 / 26 |
Focus
⚔️ 31.6% · 🌾 68.4%
Knight ×15 · Skirmisher ×6 · Spearman ×4 · Mangonel ×1
Match map
Initial resources + every placement click. Lines = walls · curves = elevation contours. ◆ gold · ⬟ stone · ● berries · ✦ relic · ◌ wall gap
Your base· Open — unwalled flank
Müh.zuvery's base· Open — 4t gap
BlackStone's base· Open — unwalled flank
[ICMW] The Böke's base· Open — 7t gap
Smoothed initial terrain · ◌ = detected wall gap · hover for details
Inputs per minute
— Kür'ŞaD - - Müh.zuvery
Build order — Kür'ŞaD
First 150 of 232 actions detected
| 0:02 | Build | House |
| 0:02 | Create | Villager (Male) |
| 0:02 | Create | Villager (Male) |
| 0:02 | Create | Villager (Male) |
| 0:03 | Build | House |
| 0:12 | Create | Villager (Male) |
| 1:37 | Create | Villager (Male) |
| 1:37 | Create | Villager (Male) |
| 1:55 | Build | Lumber Camp |
| 2:04 | Create | Villager (Male) |
| 2:04 | Create | Villager (Male) |
| 2:22 | Create | Villager (Male) |
| 2:46 | Create | Villager (Male) |
| 3:20 | Create | Villager (Male) |
| 3:20 | Create | Villager (Male) |
| 3:34 | Build | House |
| 3:38 | Create | Villager (Male) |
| 4:04 | Create | Villager (Male) |
| 4:17 | Create | Villager (Male) |
| 4:54 | Create | Villager (Male) |
| 4:58 | Create | Villager (Male) |
| 5:01 | Build | Mill |
| 5:10 | Create | Villager (Male) |
| 5:59 | Build | House |
| 6:02 | Create | Villager (Male) |
| 6:20 | Create | Villager (Male) |
| 7:06 | Research | Loom |
| 7:10 | Build | Mining Camp |
| 7:35 | Research | Feudal Age |
| 8:35 | Build | House |
| 8:45 | Create | Villager (Male) |
| 9:45 | Age | Feudal Age |
| 9:46 | Build | Mill |
| 9:48 | Build | Barracks |
| 9:56 | Create | Villager (Male) |
| 10:16 | Build | House |
| 10:22 | Build | Palisade Wall |
| 10:25 | Build | Palisade Gate |
| 10:29 | Build | Archery Range |
| 10:32 | Build | Palisade Wall |
| 10:36 | Create | Villager (Male) |
| 10:36 | Create | Villager (Male) |
| 10:49 | Create | Spearman |
| 10:58 | Build | Archery Range |
| 11:10 | Create | Villager (Male) |
| 11:33 | Create | Archer |
| 11:34 | Create | Archer |
| 11:34 | Create | Archer |
| 11:34 | Create | Archer |
| 11:45 | Create | Archer |
| 11:45 | Create | Archer |
| 11:59 | Create | Archer |
| 12:01 | Create | Archer |
| 12:01 | Create | Archer |
| 12:03 | Create | Villager (Male) |
| 12:16 | Create | Archer |
| 12:17 | Create | Villager (Male) |
| 12:22 | Create | Spearman |
| 12:29 | Create | Archer |
| 13:03 | Create | Archer |
| 13:04 | Create | Archer |
| 13:07 | Build | Blacksmith |
| 13:12 | Create | Villager (Male) |
| 13:22 | Build | Farm |
| 13:29 | Create | Archer |
| 13:32 | Create | Villager (Male) |
| 13:32 | Create | Villager (Male) |
| 13:47 | Build | House |
| 13:50 | Research | Fletching |
| 13:51 | Research | Fletching |
| 14:01 | Research | Padded Archer Armor |
| 14:10 | Create | Archer |
| 14:11 | Create | Archer |
| 14:17 | Build | Farm |
| 14:18 | Build | Farm |
| 14:32 | Create | Archer |
| 14:37 | Build | House |
| 14:43 | Build | Palisade Wall |
| 14:47 | Create | Archer |
| 14:57 | Build | Farm |
| 14:59 | Build | Farm |
| 14:59 | Create | Villager (Male) |
| 15:02 | Create | Archer |
| 15:26 | Build | Farm |
| 15:28 | Build | Farm |
| 15:30 | Build | Farm |
| 15:43 | Create | Villager (Male) |
| 15:45 | Build | Farm |
| 15:57 | Create | Archer |
| 15:57 | Create | Archer |
| 16:14 | Build | Market |
| 16:17 | Create | Villager (Male) |
| 16:17 | Create | Villager (Male) |
| 16:20 | Build | House |
| 16:32 | Create | Villager (Male) |
| 16:46 | Create | Archer |
| 16:46 | Create | Archer |
| 16:55 | Create | Villager (Male) |
| 17:00 | Create | Villager (Male) |
| 17:32 | Create | Villager (Male) |
| 17:34 | Build | House |
| 17:34 | Build | House |
| 18:01 | Create | Villager (Male) |
| 18:02 | Create | Archer |
| 18:02 | Create | Archer |
| 18:07 | Create | Villager (Male) |
| 18:09 | Create | Archer |
| 18:10 | Create | Archer |
| 18:52 | Create | Archer |
| 18:52 | Create | Archer |
| 18:54 | Build | House |
| 19:19 | Create | Archer |
| 19:19 | Create | Archer |
| 20:06 | Research | Castle Age |
| 20:06 | Research | Castle Age |
| 20:12 | Create | Villager (Male) |
| 20:17 | Create | Archer |
| 20:17 | Create | Archer |
| 20:27 | Build | House |
| 20:45 | Create | Villager (Male) |
| 21:37 | Create | Villager (Male) |
| 21:43 | Build | Lumber Camp |
| 22:17 | Create | Villager (Male) |
| 22:29 | Create | Villager (Male) |
| 22:46 | Age | Castle Age |
| 22:48 | Research | Crossbowman (upgrade) |
| 22:58 | Create | Villager (Male) |
| 23:02 | Create | Villager (Male) |
| 23:23 | Build | Town Center |
| 23:24 | Create | Villager (Male) |
| 23:28 | Create | Villager (Male) |
| 23:52 | Create | Villager (Male) |
| 23:59 | Create | Villager (Male) |
| 24:09 | Create | Villager (Male) |
| 24:35 | Create | Villager (Male) |
| 24:46 | Build | Town Center |
| 24:51 | Create | Villager (Male) |
| 25:47 | Create | Villager (Male) |
| 26:20 | Build | University |
| 26:34 | Create | Villager (Male) |
| 28:00 | Build | Farm |
| 28:04 | Create | Villager (Male) |
| 28:04 | Create | Villager (Male) |
| 28:47 | Create | Archer |
| 28:48 | Create | Archer |
| 28:48 | Create | Archer |
| 29:10 | Build | Farm |
| 29:12 | Build | Farm |
| 29:14 | Build | Farm |
| 29:28 | Research | Bodkin Arrow |
Build order — Müh.zuvery
First 150 of 303 actions detected
| 0:01 | Create | Villager (Male) ×4 |
| 0:02 | Build | House |
| 0:04 | Build | House |
| 1:34 | Create | Villager (Male) |
| 2:06 | Create | Villager (Male) |
| 2:06 | Create | Villager (Male) |
| 2:15 | Build | Lumber Camp |
| 2:33 | Create | Villager (Male) |
| 3:02 | Create | Villager (Male) |
| 3:26 | Create | Villager (Male) |
| 3:33 | Build | House |
| 3:51 | Create | Villager (Male) |
| 4:07 | Create | Villager (Male) |
| 4:25 | Create | Villager (Male) |
| 4:53 | Create | Villager (Male) |
| 4:57 | Build | House |
| 5:07 | Build | Mill |
| 5:12 | Create | Villager (Male) |
| 5:39 | Create | Villager (Male) |
| 5:44 | Build | House |
| 5:54 | Build | House |
| 6:21 | Research | Loom |
| 6:50 | Research | Feudal Age |
| 6:55 | Build | Mining Camp |
| 8:38 | Build | Barracks |
| 8:40 | Create | Villager (Male) |
| 8:46 | Build | Palisade Wall |
| 8:49 | Build | Palisade Wall |
| 8:53 | Build | Palisade Wall |
| 8:56 | Build | Palisade Wall |
| 8:57 | Build | Palisade Wall |
| 9:00 | Age | Feudal Age |
| 9:01 | Build | Palisade Wall |
| 9:03 | Build | Palisade Wall |
| 9:05 | Build | Palisade Wall |
| 9:07 | Build | Palisade Wall |
| 9:09 | Create | Villager (Male) |
| 9:28 | Build | Archery Range |
| 9:34 | Create | Villager (Male) |
| 9:43 | Create | Spearman |
| 10:14 | Create | Villager (Male) |
| 10:17 | Create | Archer |
| 10:17 | Create | Archer |
| 10:23 | Build | Palisade Wall |
| 10:26 | Create | Villager (Male) |
| 10:33 | Build | House |
| 11:05 | Create | Spearman |
| 11:10 | Build | Palisade Wall |
| 11:13 | Create | Villager (Male) |
| 11:14 | Create | Archer |
| 11:27 | Create | Villager (Male) |
| 11:36 | Build | House |
| 11:40 | Create | Villager (Male) |
| 11:42 | Research | Double-Bit Axe |
| 12:00 | Research | Horse Collar |
| 12:06 | Build | Farm |
| 12:20 | Build | House |
| 12:22 | Build | Palisade Wall |
| 12:26 | Build | Farm |
| 12:33 | Create | Villager (Male) |
| 12:34 | Create | Archer |
| 12:53 | Build | Farm |
| 13:15 | Build | Farm |
| 13:16 | Create | Villager (Male) |
| 13:17 | Create | Villager (Male) |
| 13:20 | Create | Archer |
| 13:48 | Build | Farm |
| 13:55 | Build | Farm |
| 13:56 | Create | Archer |
| 14:09 | Build | Farm |
| 14:14 | Build | Palisade Wall |
| 14:16 | Create | Villager (Male) |
| 14:16 | Create | Villager (Male) |
| 14:21 | Build | House |
| 14:25 | Create | Archer |
| 14:51 | Build | Palisade Wall |
| 14:54 | Create | Villager (Male) |
| 14:59 | Build | Farm |
| 15:07 | Create | Archer |
| 15:08 | Create | Archer |
| 15:15 | Build | Farm |
| 15:25 | Build | Farm |
| 15:42 | Build | Farm |
| 15:43 | Create | Villager (Male) |
| 15:48 | Build | Palisade Gate |
| 15:55 | Build | Farm |
| 15:58 | Build | Farm |
| 15:59 | Create | Villager (Male) |
| 16:31 | Build | House |
| 16:36 | Build | House |
| 16:37 | Create | Villager (Male) |
| 16:54 | Create | Archer |
| 17:06 | Build | Farm |
| 17:15 | Build | House |
| 17:16 | Create | Villager (Male) |
| 17:31 | Create | Villager (Male) |
| 17:32 | Create | Archer |
| 17:42 | Build | Blacksmith |
| 18:07 | Research | Castle Age |
| 18:30 | Build | House |
| 18:34 | Build | House |
| 18:55 | Create | Archer |
| 18:57 | Research | Fletching |
| 18:58 | Research | Padded Archer Armor |
| 19:02 | Build | Market |
| 19:10 | Build | Palisade Wall |
| 19:14 | Build | House |
| 20:27 | Create | Villager (Male) |
| 20:28 | Create | Archer |
| 20:29 | Create | Archer |
| 20:31 | Research | Gold Mining |
| 20:35 | Build | Farm |
| 20:47 | Age | Castle Age |
| 21:04 | Build | Siege Workshop |
| 21:08 | Build | House |
| 21:41 | Build | Siege Workshop |
| 21:56 | Create | Archer |
| 21:57 | Create | Archer |
| 21:58 | Research | Bodkin Arrow |
| 22:21 | Build | Lumber Camp |
| 23:20 | Create | Villager (Male) |
| 23:20 | Create | Villager (Male) |
| 23:30 | Create | Mangonel |
| 23:30 | Create | Mangonel |
| 23:40 | Research | Crossbowman (upgrade) |
| 24:13 | Build | Town Center |
| 24:17 | Create | Villager (Male) |
| 24:30 | Create | Archer |
| 24:30 | Create | Archer |
| 25:15 | Create | Villager (Male) |
| 25:15 | Create | Villager (Male) |
| 25:31 | Create | Villager (Male) |
| 25:33 | Research | Wheelbarrow |
| 25:37 | Research | Bow Saw |
| 25:46 | Create | Villager (Male) |
| 25:52 | Build | Farm |
| 25:52 | Build | Farm |
| 26:01 | Build | House |
| 26:06 | Create | Archer |
| 26:15 | Build | House |
| 26:28 | Create | Archer |
| 26:43 | Build | Monastery |
| 26:44 | Create | Villager (Male) |
| 26:44 | Create | Villager (Male) |
| 26:49 | Build | Palisade Wall |
| 27:02 | Build | House |
| 27:15 | Create | Monk |
| 27:15 | Create | Monk |
| 27:24 | Create | Villager (Male) |
| 27:25 | Create | Villager (Male) |
Build order — BlackStone
First 150 of 240 actions detected
| 0:00 | Create | Villager (Male) |
| 0:01 | Create | Villager (Male) |
| 0:02 | Build | House |
| 0:05 | Build | House |
| 0:11 | Create | Villager (Male) |
| 0:11 | Create | Villager (Male) |
| 1:29 | Create | Villager (Male) |
| 2:07 | Build | Lumber Camp |
| 2:07 | Create | Villager (Male) |
| 2:24 | Create | Villager (Male) |
| 2:25 | Create | Villager (Male) |
| 2:49 | Create | Villager (Male) |
| 2:49 | Create | Villager (Male) |
| 3:10 | Build | House |
| 3:11 | Create | Villager (Male) |
| 3:34 | Create | Villager (Male) |
| 4:13 | Create | Villager (Male) |
| 4:13 | Create | Villager (Male) |
| 4:34 | Create | Villager (Male) |
| 4:34 | Create | Villager (Male) |
| 5:12 | Create | Villager (Male) |
| 5:13 | Create | Villager (Male) |
| 5:46 | Research | Loom |
| 6:44 | Create | Villager (Male) |
| 6:50 | Build | Mill |
| 6:57 | Create | Villager (Male) |
| 7:40 | Research | Feudal Age |
| 7:40 | Research | Feudal Age |
| 8:19 | Build | Barracks |
| 8:29 | Create | Villager (Male) |
| 9:04 | Build | House |
| 9:38 | Build | House |
| 9:50 | Age | Feudal Age |
| 9:53 | Build | Stable |
| 9:54 | Create | Villager (Male) |
| 10:10 | Create | Villager (Male) |
| 10:31 | Create | Scout Cavalry |
| 10:31 | Create | Scout Cavalry |
| 11:00 | Build | Blacksmith |
| 11:03 | Create | Villager (Male) |
| 11:28 | Create | Scout Cavalry |
| 11:28 | Create | Scout Cavalry |
| 11:36 | Build | House |
| 11:39 | Create | Villager (Male) |
| 11:39 | Create | Villager (Male) |
| 11:46 | Research | Scale Barding Armor |
| 11:47 | Research | Forging |
| 11:55 | Research | Double-Bit Axe |
| 12:00 | Create | Villager (Male) |
| 12:08 | Build | House |
| 12:34 | Build | Mining Camp |
| 12:39 | Create | Villager (Male) |
| 13:13 | Create | Villager (Male) |
| 13:16 | Create | Scout Cavalry |
| 13:16 | Create | Scout Cavalry |
| 13:19 | Create | Villager (Male) |
| 13:43 | Create | Villager (Male) |
| 13:51 | Build | Farm |
| 13:51 | Build | Farm |
| 13:52 | Build | Farm |
| 13:52 | Build | Farm |
| 13:52 | Build | Farm |
| 13:52 | Build | Farm |
| 13:53 | Build | Farm |
| 14:13 | Build | Farm |
| 14:13 | Build | Farm |
| 14:30 | Build | House |
| 14:37 | Build | Farm |
| 14:37 | Build | Farm |
| 14:52 | Create | Villager (Male) |
| 15:02 | Build | Farm |
| 15:03 | Build | Farm |
| 15:03 | Build | Farm |
| 15:03 | Build | Farm |
| 15:03 | Build | Farm |
| 15:03 | Build | Farm |
| 15:04 | Build | Farm |
| 16:01 | Research | Bloodlines |
| 16:01 | Research | Bloodlines |
| 16:02 | Create | Villager (Male) |
| 16:08 | Build | Farm |
| 16:09 | Build | Farm |
| 16:09 | Build | Farm |
| 16:09 | Build | Farm |
| 16:23 | Create | Villager (Male) |
| 16:34 | Build | Mill |
| 16:38 | Build | Farm |
| 16:38 | Build | Farm |
| 16:38 | Build | Farm |
| 16:38 | Build | Farm |
| 16:44 | Create | Villager (Male) |
| 17:40 | Create | Villager (Male) |
| 18:37 | Create | Villager (Male) |
| 18:55 | Create | Villager (Male) |
| 19:27 | Create | Villager (Male) |
| 19:32 | Build | Farm |
| 19:33 | Build | Farm |
| 19:33 | Build | Farm |
| 19:33 | Build | Farm |
| 19:33 | Build | Farm |
| 19:34 | Build | Farm |
| 20:34 | Research | Castle Age |
| 20:34 | Research | Castle Age |
| 20:44 | Build | Farm |
| 20:44 | Build | Farm |
| 20:44 | Build | Farm |
| 21:09 | Create | Scout Cavalry |
| 21:09 | Create | Scout Cavalry |
| 21:10 | Create | Scout Cavalry |
| 21:11 | Create | Villager (Male) |
| 22:22 | Build | Stable |
| 22:23 | Create | Villager (Male) |
| 22:27 | Create | Scout Cavalry |
| 22:28 | Create | Scout Cavalry |
| 22:28 | Create | Scout Cavalry |
| 22:28 | Create | Scout Cavalry |
| 22:30 | Research | Forging |
| 23:14 | Age | Castle Age |
| 23:22 | Research | Light Cavalry (upgrade) |
| 23:25 | Create | Scout Cavalry |
| 23:25 | Create | Scout Cavalry |
| 23:49 | Build | House |
| 23:54 | Create | Scout Cavalry |
| 23:55 | Create | Scout Cavalry |
| 24:01 | Create | Villager (Male) |
| 24:01 | Create | Villager (Male) |
| 24:16 | Research | Chain Barding Armor |
| 24:16 | Research | Chain Barding Armor |
| 24:20 | Create | Scout Cavalry |
| 24:27 | Build | House |
| 24:27 | Build | House |
| 24:38 | Create | Villager (Male) |
| 24:46 | Create | Scout Cavalry ×2 |
| 25:17 | Create | Villager (Male) |
| 25:18 | Create | Villager (Male) |
| 25:22 | Research | Husbandry |
| 25:23 | Research | Husbandry |
| 25:25 | Create | Villager (Male) |
| 25:25 | Create | Villager (Male) |
| 25:47 | Create | Scout Cavalry |
| 25:48 | Create | Scout Cavalry |
| 26:40 | Create | Villager (Male) |
| 26:41 | Create | Villager (Male) |
| 26:45 | Create | Scout Cavalry ×2 |
| 27:34 | Create | Villager (Male) |
| 27:34 | Create | Villager (Male) |
| 27:37 | Create | Scout Cavalry |
| 27:37 | Create | Scout Cavalry |
| 27:38 | Create | Scout Cavalry |
| 28:23 | Create | Camel Scout |
Build order — [ICMW] The Böke
First 150 of 222 actions detected
| 0:02 | Build | House |
| 0:04 | Build | House |
| 0:04 | Create | Villager (Male) |
| 0:05 | Create | Villager (Male) |
| 0:05 | Create | Villager (Male) |
| 0:28 | Create | Villager (Male) |
| 1:32 | Create | Villager (Male) |
| 2:03 | Build | Lumber Camp |
| 2:04 | Create | Villager (Male) |
| 2:23 | Create | Villager (Male) |
| 2:52 | Create | Villager (Male) |
| 3:11 | Build | House |
| 3:20 | Create | Villager (Male) |
| 3:47 | Create | Villager (Male) |
| 3:51 | Create | Villager (Male) |
| 4:43 | Create | Villager (Male) |
| 4:44 | Create | Villager (Male) |
| 5:24 | Build | Mill |
| 5:33 | Create | Villager (Male) |
| 5:34 | Create | Villager (Male) |
| 5:34 | Create | Villager (Male) |
| 5:39 | Build | House |
| 5:44 | Create | Villager (Male) |
| 6:00 | Create | Villager (Male) |
| 6:27 | Create | Villager (Male) |
| 6:42 | Research | Loom |
| 7:03 | Research | Feudal Age |
| 7:58 | Build | Barracks |
| 8:27 | Build | Mining Camp |
| 8:31 | Build | Palisade Wall |
| 8:33 | Build | Palisade Wall |
| 9:05 | Build | House |
| 9:17 | Age | Feudal Age |
| 9:20 | Build | Archery Range |
| 9:27 | Create | Villager (Male) |
| 9:35 | Build | House |
| 9:36 | Build | Palisade Wall |
| 9:53 | Create | Villager (Male) |
| 9:57 | Build | House |
| 10:21 | Create | Villager (Male) |
| 10:24 | Create | Skirmisher |
| 10:26 | Build | House |
| 11:08 | Build | Palisade Wall |
| 11:10 | Create | Villager (Male) |
| 11:19 | Build | House |
| 11:21 | Create | Villager (Male) |
| 11:44 | Create | Skirmisher |
| 11:47 | Create | Villager (Male) |
| 12:00 | Build | Palisade Wall |
| 12:01 | Build | Palisade Wall |
| 12:08 | Create | Skirmisher |
| 12:11 | Create | Villager (Male) |
| 12:14 | Create | Spearman |
| 12:28 | Create | Skirmisher |
| 12:36 | Create | Villager (Male) |
| 12:49 | Build | Watch Tower |
| 12:59 | Build | House |
| 13:00 | Build | House |
| 13:02 | Create | Villager (Male) |
| 13:08 | Create | Villager (Male) |
| 13:10 | Research | Double-Bit Axe |
| 13:48 | Create | Villager (Male) |
| 13:52 | Build | Farm |
| 13:53 | Build | Farm |
| 13:54 | Build | Farm |
| 13:55 | Build | Farm |
| 14:04 | Create | Skirmisher |
| 14:13 | Create | Villager (Male) |
| 14:46 | Create | Villager (Male) |
| 14:56 | Build | Lumber Camp |
| 15:04 | Build | House |
| 15:11 | Create | Spearman |
| 15:29 | Create | Villager (Male) |
| 15:57 | Create | Spearman |
| 16:02 | Create | Villager (Male) |
| 16:40 | Create | Villager (Male) |
| 17:02 | Create | Villager (Male) |
| 17:07 | Build | Blacksmith |
| 17:11 | Build | Palisade Wall |
| 17:17 | Build | Palisade Gate |
| 17:24 | Build | House |
| 17:25 | Build | House |
| 17:55 | Create | Villager (Male) |
| 18:01 | Build | Farm |
| 18:01 | Build | Farm |
| 18:03 | Build | Farm |
| 18:04 | Create | Villager (Male) |
| 18:10 | Create | Spearman |
| 18:17 | Build | Farm |
| 18:18 | Build | Farm |
| 18:18 | Build | Farm |
| 18:18 | Build | Farm |
| 18:19 | Build | Farm |
| 18:19 | Build | Farm |
| 18:29 | Research | Horse Collar |
| 18:39 | Build | Market |
| 18:56 | Build | Farm |
| 19:02 | Create | Villager (Male) |
| 19:04 | Build | House |
| 19:07 | Build | Palisade Wall |
| 19:24 | Build | Farm |
| 19:25 | Build | Farm |
| 19:30 | Create | Villager (Male) |
| 20:07 | Build | Farm |
| 20:09 | Build | Palisade Gate |
| 20:10 | Build | Palisade Wall |
| 20:28 | Research | Castle Age |
| 20:36 | Build | Palisade Wall |
| 21:00 | Create | Skirmisher |
| 21:10 | Build | Stable |
| 21:14 | Build | Stable |
| 21:31 | Research | Fletching |
| 21:47 | Build | Palisade Wall |
| 21:56 | Build | Palisade Wall |
| 22:03 | Research | Scale Barding Armor |
| 22:18 | Build | Stable |
| 22:24 | Research | Forging |
| 22:56 | Create | Villager (Male) |
| 23:07 | Create | Villager (Male) |
| 23:08 | Age | Castle Age |
| 23:13 | Research | Husbandry |
| 23:23 | Create | Knight |
| 23:23 | Create | Knight |
| 23:26 | Create | Villager (Male) |
| 23:47 | Build | Town Center |
| 23:52 | Create | Knight |
| 23:58 | Build | Palisade Wall |
| 24:07 | Create | Villager (Male) |
| 24:14 | Research | Gold Mining |
| 24:20 | Create | Villager (Male) |
| 24:46 | Create | Villager (Male) |
| 24:57 | Build | House |
| 25:03 | Create | Villager (Male) |
| 25:11 | Research | Bloodlines |
| 25:29 | Create | Villager (Male) |
| 25:37 | Create | Villager (Male) |
| 25:42 | Build | House |
| 25:43 | Build | House |
| 26:19 | Build | Farm |
| 26:22 | Build | Farm |
| 26:24 | Create | Villager (Male) |
| 26:24 | Create | Villager (Male) |
| 26:29 | Research | Heavy Plow |
| 26:30 | Create | Knight |
| 26:30 | Create | Knight |
| 26:46 | Build | House |
| 27:02 | Create | Knight |
| 27:02 | Create | Knight |
| 27:18 | Build | Farm |
| 27:49 | Create | Villager (Male) |
Match timeline
| 7:58 | [ICMW] The Böke · first_building Barracks |
| 8:19 | BlackStone · first_building Barracks |
| 8:31 | [ICMW] The Böke · wall_segment Palisade Wall x1 |
| 8:33 | [ICMW] The Böke · wall_segment Palisade Wall x1 |
| 8:38 | Müh.zuvery · first_building Barracks |
| 8:46 | Müh.zuvery · wall_segment Palisade Wall x1 |
| 8:49 | Müh.zuvery · wall_segment Palisade Wall x1 |
| 8:53 | Müh.zuvery · wall_segment Palisade Wall x1 |
| 8:56 | Müh.zuvery · wall_segment Palisade Wall x1 |
| 8:57 | Müh.zuvery · wall_segment Palisade Wall x1 |
| 9:00 | Müh.zuvery · age_up feudal |
| 9:01 | Müh.zuvery · wall_segment Palisade Wall x1 |
| 9:03 | Müh.zuvery · wall_segment Palisade Wall x1 |
| 9:05 | Müh.zuvery · wall_segment Palisade Wall x1 |
| 9:07 | Müh.zuvery · wall_segment Palisade Wall x1 |
| 9:17 | [ICMW] The Böke · age_up feudal |
| 9:20 | [ICMW] The Böke · first_building Archery Range |
| 9:28 | Müh.zuvery · first_building Archery Range |
| 9:36 | [ICMW] The Böke · wall_segment Palisade Wall x1 |
| 9:45 | Kür'ŞaD · age_up feudal |
| 9:48 | Kür'ŞaD · first_building Barracks |
| 9:50 | BlackStone · age_up feudal |
| 9:53 | BlackStone · first_building Stable |
| 10:22 | Kür'ŞaD · wall_segment Palisade Wall x11 |
| 10:23 | Müh.zuvery · wall_segment Palisade Wall x19 |
| 10:29 | Kür'ŞaD · first_building Archery Range |
| 10:32 | Kür'ŞaD · wall_segment Palisade Wall x1 |
| 11:08 | [ICMW] The Böke · wall_segment Palisade Wall x4 |
| 11:10 | Müh.zuvery · wall_segment Palisade Wall x5 |
| 12:00 | [ICMW] The Böke · wall_segment Palisade Wall x6 |
| 12:01 | [ICMW] The Böke · wall_segment Palisade Wall x1 |
| 12:22 | Müh.zuvery · wall_segment Palisade Wall x1 |
| 14:14 | Müh.zuvery · wall_segment Palisade Wall x9 |
| 14:43 | Kür'ŞaD · wall_segment Palisade Wall x7 |
| 14:51 | Müh.zuvery · wall_segment Palisade Wall x18 |
| 17:11 | [ICMW] The Böke · wall_segment Palisade Wall x1 |
| 18:39 | Kür'ŞaD · first_market_sell 100 wood |
| 18:43 | Kür'ŞaD · first_market_buy 100 food |
| 19:07 | [ICMW] The Böke · wall_segment Palisade Wall x4 |
| 19:10 | Müh.zuvery · wall_segment Palisade Wall x1 |
| 19:36 | [ICMW] The Böke · first_market_buy 100 food |
| 20:10 | [ICMW] The Böke · wall_segment Palisade Wall x4 |
| 20:36 | [ICMW] The Böke · wall_segment Palisade Wall x8 |
| 20:47 | Müh.zuvery · age_up castle |
| 21:04 | Müh.zuvery · first_building Siege Workshop |
| 21:10 | [ICMW] The Böke · first_building Stable |
| 21:47 | [ICMW] The Böke · wall_segment Palisade Wall x5 |
| 21:56 | [ICMW] The Böke · wall_segment Palisade Wall x13 |
| 22:18 | Müh.zuvery · first_market_buy 100 wood |
| 22:46 | Kür'ŞaD · age_up castle |
| 23:08 | [ICMW] The Böke · age_up castle |
| 23:14 | BlackStone · age_up castle |
| 23:19 | [ICMW] The Böke · tribute_sent a jugador 1 |
| 23:19 | [ICMW] The Böke · tribute_sent a jugador 2 |
| 23:19 | [ICMW] The Böke · tribute_sent a jugador 4 |
| 23:33 | [ICMW] The Böke · first_market_sell 100 wood |
| 23:58 | [ICMW] The Böke · wall_segment Palisade Wall x2 |
| 24:04 | Müh.zuvery · first_market_sell 100 food |
| 26:43 | Müh.zuvery · first_building Monastery |
| 26:49 | Müh.zuvery · wall_segment Palisade Wall x1 |
| 31:28 | [ICMW] The Böke · first_building Siege Workshop |
| 32:10 | Müh.zuvery · wall_segment Palisade Wall x1 |
| 33:20 | [ICMW] The Böke · tribute_sent a jugador 1 |
| 33:20 | [ICMW] The Böke · tribute_sent a jugador 2 |
| 33:20 | [ICMW] The Böke · tribute_sent a jugador 4 |
| 33:40 | Kür'ŞaD · wall_segment Palisade Wall x5 |
| 33:41 | Kür'ŞaD · wall_segment Palisade Wall x1 |
| 34:04 | Müh.zuvery · first_building Castle |
| 37:26 | Müh.zuvery · wall_segment Stone Wall x1 |
| 39:33 | [ICMW] The Böke · wall_segment Palisade Wall x1 |
| 39:52 | [ICMW] The Böke · wall_segment Palisade Wall x1 |
| 41:58 | Kür'ŞaD · resign |
[ AI ANALYSIS · 1 CREDIT ]
What really happened in this match?
Wolo.gg analyzes every decision: build order, eco, micro, common mistakes by bracket. Personalized analysis on WhatsApp or Discord in 30 seconds.
Civ guide
Saracens
Perfil
Jugador #2248312